 Dungeon Crawl Stone Soup version 0.32-a0-616-g9348d4545b (console) character file.

Game seed: 9011019635964835158

11 petzl the Sneak (level 2, 0/24 HPs)
             Began as a Formicid Delver on Mar 6, 2024.
             Was an Initiate of Vehumet.
             Slain by a bullfrog (5 damage)
             ... on level 8 of the Dungeon.
             The game lasted 00:05:29 (701 turns).

petzl the Sneak (Formicid Delver)                    Turns: 701, Time: 00:05:30

Health: 0/24       AC:  3    Str: 16    XL:     2   Next: 35%
Magic:  4/4        EV: 12    Int:  9    God:    Vehumet [......]
Gold:   30         SH:  0    Dex: 15    Spells: 4/4 levels left

rFire   . . .        a - +0 mace
rCold   . . .        (no shield)
rNeg    . . .        b - +0 leather armour
rPois   .            (helmet unavailable)
rElec   .            (no cloak)
rCorr   .            (no gloves)
SInv    +            (no boots)
Will    .....        (no amulet)
Stlth   +++          (no ring)
HPRegen 0.24/turn    (no ring)
MPRegen 0.09/turn

%: no passive effects
@: no status effects
A: permanent stasis, dig shafts and tunnels, antennae 3, four strong arms
a: Dig, Shaft Self, Renounce Religion


You were on level 8 of the Dungeon.
You worshipped Vehumet.
Vehumet was noncommittal.
You visited 2 branches of the dungeon, and saw 5 of its levels.

You collected 30 gold pieces.

Inventory:

Hand Weapons
 a - a +0 mace (weapon)
Missiles
 j - a boomerang
Armour
 b - a +0 leather armour (worn)
Wands
 f - a wand of digging (3)
Scrolls
 c - a scroll of fog
 d - a scroll of revelation
 g - a scroll of enchant weapon {unknown}
 k - a scroll of teleportation {unknown}
Potions
 h - a potion of curing {unknown}
 i - a potion of heal wounds {unknown}


   Skills:
 - Level 3.2 Fighting
 - Level 2.0 Maces & Flails
 - Level 1.7 Dodging
 - Level 6.0 Stealth
 + Level 1.8 Spellcasting


You had 4 spell levels left.
You didn't know any spells.
Your spell library was empty.

Dungeon Overview and Level Annotations

Branches:
Dungeon (7/15)             Temple (1/1) D:6

Altars:
Ashenzari
Cheibriados
Dithmenos
Elyvilon
Fedhas
Gozag
Hepliaklqana
Kikubaaqudgha
Makhleb
Okawaru
Qazlal
Ru
Trog
Uskayaw
Vehumet
Yredelemnul

Shops:
D:6 (

Annotations:
D:6 exclusions: scorpion, 2 sensed monsters (detected) and upstairs


Innate Abilities, Weirdness & Mutations

You cannot be hasted, slowed, berserked, paralysed or teleported.
You can dig through walls and to a lower floor.
You have a pair of large antennae on your head. (SInv)
Your four strong arms can wield two-handed weapons with a shield.


Message History

The scorpion closely misses you.
You begin to dig a shaft.
You continue digging a shaft.
The scorpion stings you.
* * * LOW HITPOINT WARNING * * *
A shaft appears beneath you!
You fall into a shaft and drop 3 floors!
The shaft crumbles and collapses.
You start resting.
HP restored.
Found a stone staircase leading up.
Found a flail.
Found an escape hatch in the ceiling.
Found 9 gold pieces.
There is a stone staircase leading up here.
You now have 30 gold pieces (gained 9).
A bullfrog comes into view.
Found a dire flail.
You sense a monster nearby.
A bullfrog comes into view.
Found a maw talisman.
You closely miss the bullfrog.
The bullfrog gives a loud, deep croak!
The bullfrog hits you. x2
You hit the bullfrog.
The bullfrog is moderately wounded.
The bullfrog hits you but does no damage.
The bullfrog hits you.
You sock the bullfrog!
The bullfrog is severely wounded.
The bullfrog hits you. The bullfrog barely misses you.
You hit the bullfrog but do no damage.
The bullfrog is severely wounded.
The bullfrog hits you.
* * * LOW HITPOINT WARNING * * *
The bullfrog closely misses you.
You hit the bullfrog.
The bullfrog is severely wounded.
The bullfrog closely misses you.
The bullfrog swells and bulges.
The bullfrog hits you.
You die...

# #. ### ##..####
##.## ,.. ...#
##...###.###.%
#.##
#)....@F......
#.<#########
##...###.###.#
#.#.........
##.## #.#
..##.......####
#.####.
#.#..####.#
#....#. #...# #.#
####.#.#######..#
#.#
#.#..........#
#.#
#.##.........#
#.#
#.##.#########
#.# ##.##.# #.#
#...#.### #.+
#..#.....# #.#
#....#.#......
..#
.............###
##..#.##.#..##
#..#. ..#..#
#..## ..# .# #
... F. #.## #.


You could see a bullfrog.

Vanquished Creatures
  A white imp (D:7)
  2 orcs
3 creatures vanquished.

Notes
Turn   | Place    | Note
-------+----------+-------------------------------------------
     0 | D:5      | petzl the Formicid Delver began the quest for the Orb.
     0 | D:5      | Reached XP level 1. HP: 18/18 MP: 1/1
    57 | D:5      | Noticed a bombardier beetle
    69 | D:5      | Noticed a scorpion
   138 | D:6      | Noticed a scorpion
   163 | D:6      | Noticed a wight
   181 | D:6      | Found a staircase to the Ecumenical Temple.
   193 | Temple   | Entered the Ecumenical Temple
   223 | Temple   | Became a worshipper of Vehumet
   349 | D:7      | Reached skill level 1 in Spellcasting
   349 | D:7      | Reached XP level 2. HP: 8/24 MP: 1/4
   464 | D:6      | Noticed a sky beast
   515 | D:6      | Found a sacrificial altar of Ru.
   544 | D:6      | Found Ynelomu's Weapon Boutique.
   557 | D:5      | Noticed a scorpion
   583 | D:5      | You fall into a shaft and drop 3 floors!
   682 | D:8      | Noticed a bullfrog
   695 | D:8      | Noticed a bullfrog
   701 | D:8      | Slain by a bullfrog

Illustrated notes

Levels and vault maps discovered:
D:5:      minmay_chambers_of_threes, layout_layer_cave, dreamdust_gnoll_farm
D:6:      layout_basic, lemuel_doored_altar, marbit_many_paths,
          minmay_temple_entry_poolview, serial_shops, shop, uniq_jeremiah
D:7:      layout_cave_pools, tgw_sif, serial_shops,
          nicolae_shop_bloodbath_and_beyond, guppyfry_early_elven_hall,
          uniq_pikel
D:8:      layout_loops_ring, kennysheep_generic_room_2
Temple:   regret_index_temple_generic_petals

Skill      XL: |  1 |
---------------+----+-----
Spellcasting   | 1 |  1.8
Fighting       | |  3.2
Maces & Flails | |  2.0
Dodging        | |  1.7
Stealth        | |  6.0

Action                     || total
---------------------------++-------
  Melee: Mace              ||    15
Ability: Shaft Self        ||     1
    Use: Scroll            ||     1
 Armour: Leather armour    ||    20
  Dodge: Dodged            ||    10

Table legend: (Time is in decaauts)
 A = Elapsed time spent in this place.
 B = Non-inter-level travel time spent in this place.
 C = Inter-level travel time spent in this place.
 D = Time resting spent in this place.
 E = Time spent auto-exploring this place.
 F = Levels seen in this place.
 G = Mean time per level.
                   A        B        C        D        E       F      G
               +--------+--------+--------+--------+--------+-----+--------+
         Total |    703 |    645 |     58 |    125 |     41 |   5 |  140.6 |
       Dungeon |    645 |    644 |      1 |    125 |     41 |   4 |  161.2 |
        Temple |     58 |      1 |     57 |      0 |      0 |   1 |   58.0 |
               +--------+--------+--------+--------+--------+-----+--------+

Top non-repeatable levels by time:
     D:6: 329 daAuts
     D:8: 118 daAuts
     D:5: 111 daAuts
     D:7: 84 daAuts
  Temple: 58 daAuts
